 Dungeon Crawl Stone Soup version 0.28.0 (webtiles) character file.

Game seed: 10542527526634254444

1713 Morbidden the Slasher (level 8, -1/64 (66) HPs)
             Began as a Demigod Fighter on Feb 14, 2022.
             Slain by a wight (9 damage)
             ... on level 7 of the Dungeon.
             The game lasted 00:09:08 (7346 turns).

Morbidden the Slasher (Demigod Fighter)             Turns: 7346, Time: 00:09:08

HP:   -1/64 (66)    AC: 15    Str: 25    XL:     8   Next: 46%
MP:   15/15         EV: 13    Int: 10    God:
Gold: 400           SH:  4    Dex: 13    Spells: 9/12 levels left

rFire   . . .      SeeInvis +   a - +0 long sword
rCold   . . .      Faith    .   c - +0 buckler
rNeg    . . .      Spirit   .   m - +3 chain mail
rPois   .          Reflect  .   A - +0 helmet
rElec   .          Harm     .   x - scarf {shadows}
rCorr   .          Rampage  .   (no gloves)
Will    .....                   b - +1 pair of boots
Stlth   ..........              (no amulet)
HPRegen 0.20/turn               g - ring of see invisible
MPRegen 0.14/turn               E - +4 ring of evasion

@: studying Short Blades, lightly drained
A: high MP 1, forlorn, divine attributes
a: no special abilities


You were on level 7 of the Dungeon.
You visited 1 branch of the dungeon, and saw 7 of its levels.

You collected 462 gold pieces.
You spent 62 gold pieces at shops.

Inventory:

Hand Weapons
 a - a +0 long sword (weapon)
Missiles
 k - 27 poisoned darts
 q - a boomerang (quivered)
 v - 4 javelins
Armour
 b - a +1 pair of boots (worn)
 c - a +0 buckler (worn)
 m - a +3 chain mail (worn)
 x - a scarf of shadows (worn)
 A - a +0 helmet (worn)
Jewellery
 g - a ring of see invisible (left hand)
 j - a ring of willpower
 E - a +4 ring of evasion (right hand)
Wands
 u - a wand of paralysis (10)
 y - a wand of mindburst (21)
 z - a wand of iceblast (10)
 G - a wand of digging (5)
Scrolls
 e - 2 scrolls of enchant weapon {unknown}
 f - 3 scrolls of fear {unknown}
 i - 6 scrolls of identify {unknown}
 l - 2 scrolls of immolation {unknown}
 p - 2 scrolls of magic mapping {unknown}
 s - 2 scrolls of teleportation {unknown}
 t - 2 scrolls of fog {unknown}
 C - a scroll of enchant armour {unknown}
 D - a scroll of vulnerability {unknown}
 F - a scroll of amnesia {unknown}
 H - 3 scrolls of torment {unknown}
Potions
 d - a potion of might
 h - a potion of mutation {unknown}
 n - 3 potions of heal wounds {unknown}
 o - a potion of magic {unknown}
 r - 3 potions of attraction {unknown}
 w - 4 potions of curing {unknown}
 B - a potion of resistance {unknown}


   Skills:
 * Level 4.3 Fighting
 * Level 4.9(6.2) Short Blades
 * Level 5.6(6.5) Long Blades
 + Level 1.9 Throwing
 + Level 3.7 Armour
 * Level 2.8 Dodging
 * Level 2.6 Stealth
 + Level 3.3 Shields
 * Level 2.6 Spellcasting
 * Level 2.3 Summonings


You had 9 spell levels left.
You knew the following spells:

 Your Spells              Type           Power      Damage    Failure   Level
a - Call Canine Familiar  Summ           6%         N/A       96%         3

Your spell library contained the following spells:

 Spells                   Type           Power      Damage    Failure   Level
 Summon Small Mammal      Summ           24%        N/A       69%         1
 Summon Guardian Golem    Hex/Summ       3%         N/A       99%         3
 Conjure Flame            Conj/Fire      1%         6-21      100%        3
 Ignite Poison            Fire/Tmut/Pois 1%         N/A       100%        3
 Sticky Flame             Conj/Fire      1%         2d3       100%        4
 Summon Forest            Summ/Tloc      1%         N/A       100%        5
 Eringya's Noxious Bog    Tmut/Pois      0%         N/A       100%        6
 Summon Hydra             Summ           3%         N/A       100%        7


Dungeon Overview and Level Annotations

Branches:
Dungeon (7/15)             Temple (0/1) D:5

Shops:
D:4 **

Annotations:
D:2 1 runed translucent door, Crazy Yiuf


Innate Abilities, Weirdness & Mutations

You have an increased reservoir of magic. (+10% MP)
You shall have no god before yourself.
Your divine heritage dramatically boosts your attributes as you level up.


Message History

An orc opens the door.
You block the wight's attack.
Unknown command.
You barely miss the wight.
The wight is heavily damaged.
The wight hits you with a +0 long sword!
You hit the wight.
The wight is almost destroyed.
The wight hits you but does no damage. x2
You slash the wight!
You destroy the wight!
Unknown command.
You hit the orc.
The orc is severely wounded.
The orc hits you with a +0 club. The wight misses you.
Unknown command.
You slash the orc!
You kill the orc!
The wight hits you from afar with a +4 spear of freezing.
The wight freezes you.
* * * LOW HITPOINT WARNING * * *
You barely miss the orc. You block the orc's attack.
The wight completely misses you.
Unknown command.
You hit the orc but do no damage. The orc closely misses you.
You block the wight's attack.
Unknown command.
You hit the orc.
You kill the orc!
The wight closely misses you.
Unknown command.
The orc hits you but does no damage.
The wight hits you with a +4 spear of freezing!
* * * LOW HITPOINT WARNING * * *
You feel drained.
* * * LOW HITPOINT WARNING * * *
The wight freezes you.
* * * LOW HITPOINT WARNING * * *
Items here: ))) [[ †.
The wight hits you from afar with a +4 spear of freezing!
You die...

#)..........
###z......# ###
###.zz†.....# +.# #
+...#o......# ##.#+#
+#.#####.###########
.....# .....#...#
.....##+##.....zz###
.....#...# #o#
##.#'#...#+# ###@#
.'.#.......# +...#
.#####...#####.###
#. ...#.'...+.....#
.. .#+#.#####.#####
###.# .#.....#...#
.... ##...(.'.### ..
#.. ##.....###
##.#####. .#+#.###
.......#.


You could see 2 wights and an orc.

Vanquished Creatures
  A water moccasin (D:7)
  A necrophage (D:6)
  3 ogres
  A phantom (D:7)
  2 centaurs (D:6)
  2 bullfrogs (D:7)
  A gnoll sergeant (D:7)
  A wyvern skeleton (D:6)
  2 wights (D:7)
  A bullfrog zombie (D:5)
  3 hounds
  A bullfrog skeleton (D:6)
  2 centaur skeletons
  2 orc priests
  2 jellies
  Jessica (D:2)
  2 iguanas
  An orc wizard (D:5)
  Robin (D:4)
  3 adders
  11 gnolls
  2 shadow imps
  A worm (D:2)
  2 dart slugs
  6 orcs
  11 endoplasms
  6 giant cockroaches
  21 goblins
  13 hobgoblins
  4 jackals (D:1)
  7 kobolds
  A quokka (D:1)
  7 ball pythons
  7 bats
  2 frilled lizards (D:1)
  3 rats
  A bush (D:1)
138 creatures vanquished.

Vanquished Creatures (others)
  12 plants (D:1)
12 creatures vanquished.

Grand Total: 150 creatures vanquished

Notes
Turn   | Place    | Note
-------+----------+-------------------------------------------
     0 | D:1      | Morbidden the Demigod Fighter began the quest for the Orb.
     0 | D:1      | Reached XP level 1. HP: 18/18 MP: 3/3
   138 | D:1      | Reached XP level 2. HP: 24/25 MP: 4/4
   141 | D:1      | Reached skill level 2 in Long Blades
   385 | D:1      | Reached skill level 1 in Short Blades
   533 | D:1      | Reached XP level 3. HP: 31/31 MP: 5/5
  1252 | D:2      | Noticed Jessica
  1259 | D:2      | Killed Jessica
  1328 | D:2      | Found a runed translucent door.
  1329 | D:2      | Noticed Crazy Yiuf
  1375 | D:2      | Reached XP level 4. HP: 18/38 MP: 6/6
  1905 | D:3      | Reached skill level 3 in Long Blades
  2071 | D:3      | Reached skill level 1 in Dodging
  2141 | D:3      | Learned a level 3 spell: Call Canine Familiar
  2915 | D:4      | Reached XP level 5. HP: 43/45 MP: 7/7
  2958 | D:4      | Found Xunuakhi's Specific Store.
  2960 | D:4      | Found Ibigoj's General Store.
  3105 | D:4      | Bought 6 javelins for 62 gold pieces
  3380 | D:4      | Noticed Robin
  3429 | D:5      | Entered Level 5 of the Dungeon
  3889 | D:5      | Found a staircase to the Ecumenical Temple.
  3906 | D:5      | Reached skill level 1 in Spellcasting
  5110 | D:4      | Killed Robin
  5111 | D:4      | Reached XP level 6. HP: 51/51 MP: 10/10
  5132 | D:4      | Found Ibigoj's General Store.
  5133 | D:4      | Found Xunuakhi's Specific Store.
  5994 | D:5      | Reached skill level 4 in Long Blades
  6096 | D:6      | Reached skill level 1 in Stealth
  6096 | D:6      | Reached XP level 7. HP: 55/58 MP: 12/12
  6124 | D:6      | Reached skill level 1 in Summonings
  6294 | D:6      | Reached skill level 1 in Throwing
  6668 | D:6      | Reached skill level 5 in Long Blades
  6847 | D:7      | Reached XP level 8. HP: 37/66 MP: 14/14
  7346 | D:7      | Slain by a wight

Illustrated notes

Levels and vault maps discovered:
D:1:      giann_forest_graveyard, layout_rooms, serial_forest,
          infiniplex_forest_split, infiniplex_forest_end_3,
          infiniplex_forest_clump_curved, infiniplex_forest_lined_corner,
          infiniplex_forest_straight_4, infiniplex_forest_clump_double,
          infiniplex_forest_lined_1, infiniplex_forest_diagonal,
          shapermc_ecumenical_altar_starsandcircs, chequers_jeans
D:2:      layout_loops_cross, uniq_crazy_yiuf_cottage, uniq_jessica
D:3:      layout_loops_ring, worldfamousw_hep_ancestral_shrine,
          amcnicky_altar_gilded
D:4:      layout_gridville, mainiacjoe_overflow_swirl, roderic_serpentine_path,
          nicolae_specific_store, eino_tiny_chamber, uniq_robin
D:5:      layout_rooms, minmay_temple_entry_statues_pillars,
          minmay_ogre_servants
D:6:      layout_basic, chequers_temple_overflow_statue_of_worship
D:7:      nicolae_cairo_tiling_large, layout_loops_ring, serial_shops, shop

Skill      XL: |  1  2  3  4  5  6  7  8 |
---------------+-------------------------+-----
Fighting       | 3 4 |  4.3
Long Blades    | 2 3 4 5 |  5.6
Short Blades   | 1 2 3 4 |  4.9
Shields        | 3 |  3.3
Dodging        | 1 2 |  2.8
Armour         | 3 |  3.7
Spellcasting   | 1 2 |  2.6
Stealth        | 1 2 |  2.6
Summonings     | 1 2 |  2.3
Throwing       | 1 |  1.9

Action                   |  1- 3 |  4- 6 |  7- 9 || total
-------------------------+-------+-------+-------++-------
Melee: Long sword        |   178 |   186 |   122 ||   486
Throw: Dart              |       |    12 |    21 ||    33
       Boomerang         |       |     7 |     6 ||    13
       Javelin           |       |     8 |       ||     8
Armor: Scale mail        |    50 |       |       ||    50
       Chain mail        |    12 |   154 |   101 ||   267
Dodge: Dodged            |    74 |    78 |    78 ||   230
Block: Buckler           |    26 |    56 |    37 ||   119
